 Dungeon Crawl Stone Soup version 0.27-a0-1202-ge72e491 (webtiles) character file.

Game seed: 17694181474764694223

89154 Illumine the Blocker (level 15, -2/120 HPs)
             Began as a Gnoll Fighter on June 1, 2021.
             Was the Champion of Okawaru.
             Slain by a sun demon (8 damage)
             ... on level 2 of the Orcish Mines on June 2, 2021.
             The game lasted 00:56:37 (25789 turns).

Illumine the Blocker (Gnoll Fighter)               Turns: 25789, Time: 00:56:38

Health: -2/120     AC: 34    Str: 27      XL:     15   Next: 96%
Magic:  0/29       EV: 13    Int:  4 (7)  God:    Okawaru [******]
Gold:   1804       SH: 15    Dex: 12      Spells: 34/34 levels left

rFire    . . .     SeeInvis +   a - +8 flail of the End of Times {drain, rPois Str+4}
rCold    + . .     Faith    .   J - +0 kite shield {AC+3}
rNeg     . . .     Spirit   +   D - +0 plate armour {rC+}
rPois    +         Reflect  .   R - +2 helmet {SInv}
rElec    .         Harm     .   p - +2 cloak {rCorr}
rCorr    +         Rampage  +   C - +1 pair of gloves {Str+3}
Will     +....                  I - +2 pair of boots {rampage}
Stlth    ++........             S - amulet of guardian spirit
HPRegen  0.30/turn              s - ring of see invisible
MPRegen  0.21/turn              (no ring)

@: heroic
A: fangs 1, strong nose, distributed training, weak 1
a: Renounce Religion, Heroism, Finesse


You were on level 2 of the Orcish Mines.
You worshipped Okawaru.
Okawaru was exalted by your worship.
You visited 4 branches of the dungeon, and saw 20 of its levels.
You visited the Abyss 1 time.
You also visited: Sewer, Gauntlet, Ice Cave and Volcano.

You collected 2474 gold pieces.
You spent 670 gold pieces at shops.

Inventory:

Hand Weapons
 a - the +8 flail of the End of Times (weapon) {drain, rPois Str+4}
   (You found it on level 9 of the Dungeon)

   A truly terrible weapon, it drains the life of those it strikes.
   It affects your strength (+4).
   It protects you from poison.
 b - a +0 hand crossbow
 y - a +1 demon whip of flaming
 N - a +0 war axe
 Q - the +10 falchion "Sicahyst" {vorpal, rC+}
   (You found it on level 10 of the Dungeon)

   It inflicts extra damage upon your enemies.
   It protects you from cold.
Missiles
 c - 129 bolts
 l - 2 curare-tipped darts
 z - 99 poisoned darts (quivered)
 L - 133 sling bullets
Armour
 o - a scarf of repulsion
 p - a +2 cloak of preservation (worn)
 C - a +1 pair of gloves of strength (worn)
 D - a +0 plate armour of cold resistance (worn)
 I - a +2 pair of boots of rampaging (worn)
 J - a +0 kite shield of protection (worn)
 R - a +2 helmet of see invisible (worn)
 X - the +2 pair of gloves of Zolihiup {Will+}
   (You found it on level 4 of the Lair of Beasts)

   It increases your willpower.
Jewellery
 s - a ring of see invisible (left hand)
 u - an amulet of regeneration
 A - a ring of positive energy
 B - a +6 ring of intelligence
 F - a ring of ice
 O - a ring of flight
 P - the ring of Ruffuf {rPois Will++ Str-5 SInv}
   (You found it in a Gauntlet)

   [ring of poison resistance]

   It affects your strength (-5).
   It protects you from poison.
   It lets you see invisible.
   It greatly increases your willpower.
 S - an amulet of guardian spirit (around neck)
 T - a +6 ring of dexterity
Wands
 k - a wand of paralysis (8)
 G - a wand of flame (35)
 V - a wand of mindburst (49)
 Z - a wand of acid (4)
Scrolls
 h - 2 scrolls of magic mapping
 n - 2 scrolls of torment
 q - 3 scrolls of fear
 r - a scroll of fog
 v - 3 scrolls of immolation
 w - 8 scrolls of enchant armour
 x - 3 scrolls of teleportation
 K - a scroll of silence
Potions
 e - 3 potions of haste
 f - 10 potions of curing
 g - 6 potions of flight
 j - 4 potions of heal wounds
 m - 3 potions of attraction
 t - 2 potions of mutation {unknown}
 E - a potion of resistance
 H - 2 potions of might
 U - 2 potions of lignification
 W - 3 potions of berserk rage
 Y - a potion of brilliance {unknown}
Miscellaneous
 d - a phantom mirror
 i - a condenser vane
 M - a lightning rod (4/4)


   Skills:
 + Level 12.1(17.1) Fighting
 + Level 10.4(15.4) Short Blades
 + Level 10.4(15.4) Long Blades
 + Level 11.3(16.3) Axes
 + Level 10.4(15.4) Maces & Flails
 + Level 10.4(15.4) Polearms
 + Level 10.4(15.4) Staves
 + Level 10.4(15.4) Slings
 + Level 10.4(15.4) Bows
 + Level 10.4(15.4) Crossbows
 + Level 10.4(15.4) Throwing
 + Level 12.1(17.1) Armour
 + Level 10.4(15.4) Dodging
 + Level 10.4(15.4) Stealth
 + Level 12.1(17.1) Shields
 + Level 10.4(15.4) Unarmed Combat
 + Level 10.4 Spellcasting
 + Level 8.8 Conjurations
 + Level 8.8 Hexes
 + Level 8.8 Summonings
 + Level 8.8 Necromancy
 + Level 8.8 Translocations
 + Level 8.8 Transmutations
 + Level 8.8 Fire Magic
 + Level 8.8 Ice Magic
 + Level 8.8 Air Magic
 + Level 8.8 Earth Magic
 + Level 8.8 Poison Magic
 + Level 11.3 Invocations
 + Level 10.4 Evocations


You had 34 spell levels left.
You didn't know any spells.
Your spell library contained the following spells:

 Spells                   Type           Power      Damage    Failure   Level
 Corona                   Hex            10%        N/A       3%          1
 Freeze                   Ice            36%        1d6       3%          1
 Magic Dart               Conj           36%        1d4       3%          1
 Sting                    Tmut/Pois      36%        1d4       3%          1
 Summon Small Mammal      Summ           36%        N/A       3%          1
 Blink                    Tloc           N/A        N/A       4%          2
 Call Imp                 Summ           9%         N/A       4%          2
 Ensorcelled Hibernation  Hex/Ice        18%        N/A       4%          2
 Poisonous Vapours        Pois/Air       18%        N/A       4%          2
 Slow                     Hex            9%         N/A       4%          2
 Sublimation of Blood     Necr           4%         N/A       4%          2
 Call Canine Familiar     Summ           9%         N/A       9%          3
 Confusing Touch          Hex            9%         N/A       9%          3
 Conjure Flame            Conj/Fire      9%         6-21      9%          3
 Dazzling Flash           Conj/Hex       18%        N/A       9%          3
 Frozen Ramparts          Ice            18%        1d3       9%          3
 Ignite Poison            Fire/Tmut/Pois 9%         N/A       9%          3
 Mephitic Cloud           Conj/Pois/Air  9%         N/A       9%          3
 Ozocubu's Armour         Ice            9%         N/A       9%          3
 Summon Guardian Golem    Hex/Summ       9%         N/A       9%          3
 Tukima's Dance           Hex            9%         N/A       9%          3
 Hailstorm                Conj/Ice       9%         3d4       28%         4
 Olgreb's Toxic Radiance  Pois           9%         N/A       28%         4
 Petrify                  Tmut/Erth      9%         N/A       28%         4
 Summon Ice Beast         Ice/Summ       9%         N/A       28%         4
 Summon Lightning Spire   Summ/Air       9%         N/A       28%         4
 Alistair's Intoxication  Tmut/Pois      6%         N/A       63%         5
 Irradiate                Conj/Tmut      4%         3d14      63%         5
 Metabolic Englaciation   Hex/Ice        4%         N/A       63%         5
 Eringya's Noxious Bog    Tmut/Pois      4%         N/A       99%         6


Dungeon Overview and Level Annotations

Branches:
Dungeon (11/15)            Temple (1/1) D:4            Lair (6/6) D:11
  Swamp (0/4) Lair:3       Spider (0/4) Lair:2        Slime (0/5) Lair:6
    Orc (2/2) D:10            Elf (0/3) Orc:2         Sewer (visited)
  IceCv (visited)         Volcano (visited)         Gauntlet (visited)

Altars:
Ashenzari
Cheibriados
Dithmenos
Elyvilon
Fedhas
Gozag
Kikubaaqudgha
Makhleb
Okawaru
Qazlal
Ru
Sif Muna
Uskayaw
Vehumet
Wu Jian
Jiyva
Lugonu

Shops:
D:8 [   Orc:2 ?*[

Portals:
Abyss: Orc:1

Annotations:
D:7 2 transporters, RazingBull's ghost, novice MiBe
D:9 2 transporters, RazingBull's ghost, novice MiFi


Innate Abilities, Weirdness & Mutations

You have very sharp teeth.
Your uncanny sense of smell can sniff out nearby items.
Your experience applies equally to all skills.
You are weak. (Str -2)


Message History

You hear a shout!
You block the sun demon's attack. You block the soul eater's attack.
You hit the sun demon.
The sun demon is lightly wounded.
The orc priest no longer looks unusually strong.
The sun demon hits you but does no damage.
The soul eater draws from the surrounding life force!
* * * LOW HITPOINT WARNING * * *
The soul eater is healed.
You hit the soul eater but do no damage.
Your bite misses the soul eater.
The soul eater is lightly wounded.
The sun demon hits you but does no damage.
You hit the soul eater. Your bite misses the soul eater.
The soul eater is moderately wounded.
The soul eater hits you but does no damage.
You block the sun demon's attack.
Things that are here:
a +0 hand axe; an orc corpse
Things that are here:
a +0 dagger; a +0 ring mail The orc warrior seems to regain its courage.
The orc warrior hits you but does no damage.
Things that are here:
a +2 war axe of flaming; a +0 leather armour You bludgeon the orc warrior!!
You kill the orc warrior!
Okawaru accepts your kill. The sun demon closely misses you.
The soul eater draws from the surrounding life force!
* * * LOW HITPOINT WARNING * * *
The soul eater is healed.
You barely miss the soul eater.
The sun demon hits you but does no damage.
You bludgeon the soul eater!!
The soul eater is moderately wounded.
The soul eater draws from the surrounding life force!
* * * LOW HITPOINT WARNING * * *
The soul eater is healed.
The sun demon hits you!
You die...

####.##.#...).......
##^................<.
##.....##.............
#.....#.##............
##....................
#.)..)).##..#.........
...#)).###.............
##.)####.##.........
##@3######.........
##3o## #.........
##..## ##....#...
##o.###....<....
##oo###.#......
##.)###......#
##o(###....##
...###.###. ....#### ##


You could see a soul eater, a sun demon, an orc warrior, an orc priest and 3
orcs.

Vanquished Creatures
  A tentacled starspawn (Abyss:1)
  A dire elephant (Gauntlet)
  A minotaur (Gauntlet)
  A red draconian (Volcano)
  The ghost of whatisgame the Fighter, a journeyman OgAK of Lugonu (Lair:1)
  10 hydras
  A boulder beetle (D:11)
  A catoblepas (Lair:6)
  2 centaur warriors
  A deep troll shaman (Lair:6)
  2 two-headed ogres (D:11)
  A death knight (D:11)
  2 thrashing horrors (Abyss:2)
  4 death yaks (Lair:6)
  Sonja (D:10)
  A skeletal warrior (D:11)
  2 lindwurms (Lair:6)
  2 orc knights
  6 deep elf pyromancers
  Pikel (D:4)
  15 oklob plants
  2 ugly things (IceCv)
  A necromancer (Gauntlet)
  2 orc sorcerers (Orc:1)
  2 deep elf zephyrmancers
  2 worldbinders
  Maurice (D:8)
  5 black mambas
  11 elephants
  2 ice statues (IceCv)
  A torpor snail (Lair:6)
  An orange demon (Abyss:1)
  An unseen horror (D:11)
  3 yaktaurs (Volcano)
  19 cane toads
  16 komodo dragons
  2 freezing wraiths (D:11)
  3 trolls
  5 rime drakes
  2 polar bears (Lair:6)
  A queen bee (Gauntlet)
  A jumping spider (Lair:2)
  3 raiju (Abyss:1)
  17 blink frogs
  6 dream sheep (Lair:5)
  2 flying skulls (Abyss:2)
  2 large abominations
  2 shadows
  4 redbacks (Lair:2)
  2 vampires
  6 wyverns
  63 yaks
  6 fire bats
  3 neqoxecs
  8 basilisks
  4 vampire mosquitoes (D:11)
  A steam dragon (D:6)
  2 wargs
  2 acid dragons
  A hell hound (D:8)
  Duvessa (D:7)
  Purgy (Sewer)
  22 water moccasins
  17 orc warriors
  8 ice beasts
  2 hornet zombies
  A sky beast (D:5)
  2 black bears
  6 ogres
  3 starcursed masses (Abyss:1)
  2 necrophages
  15 wolves
  5 centaurs
  5 small abominations
  A kobold brigand (D:9)
  3 phantoms
  10 bullfrogs
  3 gnoll sergeants
  3 scorpions
  2 water moccasin zombies
  Dowan (D:7)
  3 troll zombies (D:10)
  11 killer bees
  6 wights
  An electric eel (Lair:4)
  2 howler monkeys
  3 centaur zombies
  3 jellies
  2 gnoll shamans
  A bullfrog skeleton (D:6)
  3 centaur skeletons
  17 orc priests
  2 hounds
  Natasha (thrice) (D:2)
  3 iguanas
  17 orc wizards
  3 ogre zombies (D:10)
  A howler monkey zombie (D:8)
  6 adders
  29 gnolls
  2 shadow imps
  A white imp (D:6)
  2 ufetubi (D:7)
  2 adder skeletons (D:4)
  A worm (D:5)
  2 dart slugs
  46 orcs
  4 bats
  4 endoplasms
  A giant cockroach (D:3)
  3 goblins
  12 hobgoblins
  13 jackals
  2 quokkas
  8 ball pythons
  4 goblin skeletons (D:10)
  2 goblin zombies (D:10)
  A hobgoblin skeleton (D:10)
  19 kobolds
  2 orc skeletons (D:10)
  10 orc zombies (D:10)
  3 rats
647 creatures vanquished.

Vanquished Creatures (others)
  An orc wizard (Orc:2)
  58 fungi
  2 lurking horrors (Orc:1)
  54 plants
  2 starspawn tentacles (Abyss:1)
117 creatures vanquished.

Grand Total: 764 creatures vanquished

Notes
Turn   | Place    | Note
-------+----------+-------------------------------------------
     0 | D:1      | Illumine the Gnoll Fighter began the quest for the Orb.
     0 | D:1      | Reached XP level 1. HP: 23/23 MP: 1/1
   175 | D:1      | Reached XP level 2. HP: 28/29 MP: 2/2
   563 | D:1      | Reached XP level 3. HP: 35/35 MP: 3/3
  1260 | D:2      | Reached skill level 1 in Invocations
  1533 | D:3      | Noticed Natasha
  1586 | D:2      | Killed Natasha
  1587 | D:2      | Reached skill level 1 in Short Blades
  1587 | D:2      | Reached skill level 1 in Long Blades
  1587 | D:2      | Reached skill level 1 in Maces & Flails
  1587 | D:2      | Reached skill level 1 in Polearms
  1587 | D:2      | Reached skill level 1 in Staves
  1587 | D:2      | Reached skill level 1 in Slings
  1587 | D:2      | Reached skill level 1 in Bows
  1587 | D:2      | Reached skill level 1 in Crossbows
  1587 | D:2      | Reached skill level 1 in Throwing
  1587 | D:2      | Reached skill level 1 in Dodging
  1587 | D:2      | Reached skill level 1 in Stealth
  1587 | D:2      | Reached skill level 1 in Unarmed Combat
  1587 | D:2      | Reached skill level 1 in Spellcasting
  1587 | D:2      | Reached skill level 1 in Evocations
  1587 | D:2      | Reached XP level 4. HP: 27/41 MP: 5/5
  1801 | D:2      | Noticed Natasha
  1810 | D:2      | Killed Natasha
  1811 | D:2      | Reached skill level 1 in Conjurations
  1811 | D:2      | Reached skill level 1 in Hexes
  1811 | D:2      | Reached skill level 1 in Summonings
  1811 | D:2      | Reached skill level 1 in Necromancy
  1811 | D:2      | Reached skill level 1 in Translocations
  1811 | D:2      | Reached skill level 1 in Transmutations
  1811 | D:2      | Reached skill level 1 in Fire Magic
  1811 | D:2      | Reached skill level 1 in Ice Magic
  1811 | D:2      | Reached skill level 1 in Air Magic
  1811 | D:2      | Reached skill level 1 in Earth Magic
  1811 | D:2      | Reached skill level 1 in Poison Magic
  2625 | D:2      | Noticed Natasha
  2634 | D:2      | Killed Natasha
  2635 | D:2      | Reached XP level 5. HP: 39/47 MP: 5/7
  2701 | D:3      | Found an ornate altar of the Wu Jian Council.
  3143 | D:3      | Found a burning altar of Makhleb.
  3552 | D:3      | Found a faded altar of an unknown god.
  3755 | D:4      | Noticed an ogre
  3761 | D:4      | Killed an ogre
  3762 | D:4      | Reached skill level 5 in Axes
  3762 | D:4      | Reached XP level 6. HP: 23/53 MP: 8/8
  4091 | D:4      | Noticed a black bear
  4100 | D:4      | Upgraded the game from 0.27-a0-1200-g94dc6ad to
                  | 0.27-a0-1202-ge72e491
  4107 | D:4      | Killed a black bear
  4119 | D:4      | Reached XP level 7. HP: 56/59 MP: 10/10
  4389 | D:4      | Found a glowing drain.
  4394 | Sewer    | Entered a sewer
  4453 | Sewer    | Noticed Purgy
  4472 | Sewer    | Killed Purgy
  4551 | D:4      | Noticed Pikel
  4563 | D:4      | Killed Pikel
  4564 | D:4      | Reached XP level 8. HP: 67/67 MP: 10/12
  4770 | D:4      | Found a staircase to the Ecumenical Temple.
  4809 | Temple   | Entered the Ecumenical Temple
  4814 | Temple   | Became a worshipper of Warmaster Okawaru
  4924 | D:5      | Entered Level 5 of the Dungeon
  5267 | D:5      | Found a radiant altar of Vehumet.
  5366 | D:5      | Reached * piety under Okawaru
  5410 | D:5      | Reached XP level 9. HP: 62/73 MP: 14/14
  5778 | D:6      | Found a hide-covered altar of Uskayaw.
  6231 | D:6      | Reached ** piety under Okawaru
  6276 | D:6      | Found a shadowy altar of Dithmenos.
  6283 | D:6      | Noticed a five-headed hydra
  6304 | D:6      | Killed a five-headed hydra
  6305 | D:6      | Reached skill level 5 in Invocations
  6305 | D:6      | Reached XP level 10. HP: 63/80 MP: 14/17
  6390 | D:6      | Found a sacrificial altar of Ru.
  6794 | D:7      | Found an ancient bone altar of Kikubaaqudgha.
  6871 | D:7      | Reached skill level 5 in Short Blades
  6871 | D:7      | Reached skill level 5 in Long Blades
  6871 | D:7      | Reached skill level 5 in Maces & Flails
  6871 | D:7      | Reached skill level 5 in Polearms
  6871 | D:7      | Reached skill level 5 in Staves
  6871 | D:7      | Reached skill level 5 in Slings
  6871 | D:7      | Reached skill level 5 in Bows
  6871 | D:7      | Reached skill level 5 in Crossbows
  6871 | D:7      | Reached skill level 5 in Throwing
  6871 | D:7      | Reached skill level 5 in Dodging
  6871 | D:7      | Reached skill level 5 in Stealth
  6871 | D:7      | Reached skill level 5 in Unarmed Combat
  6871 | D:7      | Reached skill level 5 in Spellcasting
  6871 | D:7      | Reached skill level 5 in Evocations
  7121 | D:7      | Found a transporter.
  7125 | D:7      | Found a transporter.
  7196 | D:7      | Found a broken altar of Ashenzari.
  7239 | D:7      | Noticed RazingBull's ghost (novice MiBe)
  7316 | D:7      | Noticed Dowan
  7316 | D:7      | Noticed Duvessa
  7355 | D:7      | Killed Duvessa
  7359 | D:7      | Killed Dowan
  7779 | D:8      | Noticed Maurice
  7787 | D:8      | Paralysed by Maurice for 3 turns
  7957 | D:8      | Reached *** piety under Okawaru
  8010 | D:8      | Found a shimmering blue altar of Sif Muna.
  8079 | D:8      | Paralysed by Maurice for 5 turns
  8086 | D:8      | Killed Maurice
  8262 | D:8      | Found Noick's Armour Boutique.
  8267 | D:8      | Bought a +2 pair of boots of rampaging for 301 gold pieces
  8267 | D:8      | Bought a +0 kite shield of protection for 161 gold pieces
  8372 | D:8      | Received a gift from Okawaru
  8554 | D:8      | Found a white marble altar of Elyvilon.
  8854 | D:9      | Found a transporter.
  8985 | D:9      | Found a transporter.
  8985 | D:9      | Noticed RazingBull's ghost (novice MiFi)
  8998 | D:9      | Reached **** piety under Okawaru
  8999 | D:9      | Reached XP level 11. HP: 74/87 MP: 19/19
  9002 | D:9      | Noticed a death knight
  9238 | D:9      | Found a blossoming altar of Fedhas.
  9296 | D:9      | Found a snail-covered altar of Cheibriados.
  9358 | D:9      | Reached skill level 5 in Conjurations
  9358 | D:9      | Reached skill level 5 in Hexes
  9358 | D:9      | Reached skill level 5 in Summonings
  9358 | D:9      | Reached skill level 5 in Necromancy
  9358 | D:9      | Reached skill level 5 in Translocations
  9358 | D:9      | Reached skill level 5 in Transmutations
  9358 | D:9      | Reached skill level 5 in Fire Magic
  9358 | D:9      | Reached skill level 5 in Ice Magic
  9358 | D:9      | Reached skill level 5 in Air Magic
  9358 | D:9      | Reached skill level 5 in Earth Magic
  9358 | D:9      | Reached skill level 5 in Poison Magic
  9358 | D:9      | Received a gift from Okawaru
  9551 | D:9      | Identified the +8 flail of the End of Times {drain, rPois
                  | Str+4}
  9566 | D:10     | Entered Level 10 of the Dungeon
  9748 | D:10     | Identified the +10 falchion "Sicahyst" {vorpal, rC+}
  9905 | D:10     | Noticed a centaur warrior
  9913 | D:10     | Killed a centaur warrior
  9913 | D:10     | Reached ***** piety under Okawaru
  9930 | D:10     | Found a staircase to the Orcish Mines.
 10642 | D:10     | Noticed Sonja
 10654 | D:10     | Cast into level 1 of the Abyss (Sonja)
 10780 | Abyss:1  | Noticed a rakshasa
 10783 | Abyss:1  | Noticed a wretched star
 10806 | Abyss:1  | Noticed a starcursed mass
 10831 | Abyss:1  | Noticed a starcursed mass
 10884 | Abyss:1  | Noticed a worldbinder
 10887 | Abyss:1  | Noticed a manticore
 10895 | Abyss:1  | Noticed a manticore
 10900 | Abyss:1  | Killed a worldbinder
 10900 | Abyss:1  | Received a gift from Okawaru
 10905 | Abyss:1  | Killed a starcursed mass
 10945 | Abyss:1  | Noticed a tentacled starspawn
 10957 | Abyss:1  | Killed a tentacled starspawn
 10957 | Abyss:1  | Received a gift from Okawaru
 11006 | Abyss:1  | Reached XP level 12. HP: 69/96 MP: 10/22
 11017 | Abyss:1  | Received a gift from Okawaru
 11085 | Abyss:2  | Found a corrupted altar of Lugonu.
 11094 | Abyss:2  | Noticed a wretched star
 11314 | Abyss:2  | Gained mutation: You are weak. (Str -2) [a neqoxec]
 11335 | Abyss:2  | Found a corrupted altar of Lugonu.
 11465 | Abyss:2  | Noticed a thrashing horror
 11466 | Abyss:2  | Noticed a thrashing horror
 11475 | Abyss:2  | Killed a thrashing horror
 11495 | Abyss:2  | Killed a thrashing horror
 11498 | D:10     | Escaped the Abyss
 11771 | D:10     | Killed Sonja
 12041 | D:11     | Noticed a death knight
 12064 | D:11     | Received a gift from Okawaru
 12119 | D:11     | Noticed a two-headed ogre
 12129 | D:11     | Killed a two-headed ogre
 12460 | D:11     | Noticed a boulder beetle
 12483 | D:11     | Reached skill level 10 in Fighting
 12483 | D:11     | Reached skill level 10 in Armour
 12483 | D:11     | Reached skill level 10 in Shields
 12495 | D:11     | Killed a boulder beetle
 12808 | D:11     | Noticed a two-headed ogre
 12820 | D:11     | Killed a two-headed ogre
 13273 | D:11     | Killed a death knight
 13286 | D:11     | Reached XP level 13. HP: 47/103 MP: 13/24
 13669 | D:11     | Found a staircase to the Lair.
 13743 | Lair:1   | Entered Level 1 of the Lair of Beasts
 13745 | Lair:1   | Found a runed translucent door.
 13745 | Lair:1   | Noticed whatisgame's ghost (journeyman OgAK)
 13823 | Lair:1   | Found a frozen archway.
 13842 | IceCv    | Entered an ice cave
 13979 | IceCv    | Found a transporter.
 14033 | IceCv    | Found a transporter.
 14607 | Lair:1   | Received a gift from Okawaru
 14636 | Lair:1   | Reached ****** piety under Okawaru
 14787 | Lair:1   | Received a gift from Okawaru
 15319 | Lair:1   | Killed whatisgame's ghost
 15375 | Lair:2   | Found a dark tunnel.
 15459 | Lair:2   | Found a hole to the Spider Nest.
 15496 | Volcano  | Entered a volcano
 15574 | Volcano  | Noticed a red draconian
 15587 | Volcano  | Killed a red draconian
 16003 | Lair:2   | Reached XP level 14. HP: 111/111 MP: 26/26
 16055 | Lair:2   | Reached skill level 10 in Axes
 16473 | Lair:2   | Received a gift from Okawaru
 17263 | Lair:3   | Found a gate leading to a gauntlet.
 17286 | Gauntlet | Entered a Gauntlet
 17286 | Gauntlet | Found a transporter.
 17286 | Gauntlet | Found a transporter.
 17286 | Gauntlet | Found a transporter.
 17288 | Gauntlet | Found a transporter.
 17289 | Gauntlet | Found a transporter.
 17426 | Gauntlet | Found a transporter.
 17434 | Gauntlet | Found a transporter.
 17434 | Gauntlet | Found a transporter.
 17437 | Gauntlet | Found a transporter.
 17437 | Gauntlet | Found a transporter.
 17441 | Gauntlet | Noticed a dire elephant
 17445 | Gauntlet | Found a transporter.
 17445 | Gauntlet | Found a transporter.
 17654 | Gauntlet | Reached skill level 10 in Invocations
 17665 | Gauntlet | Killed a dire elephant
 17682 | Gauntlet | Identified the ring of Ruffuf {rPois Will++ Str-5 SInv}
 17875 | Lair:3   | Found a staircase to the Swamp.
 17942 | Lair:3   | Received a gift from Okawaru
 20612 | Lair:4   | Identified the +2 pair of gloves of Zolihiup {Will+}
 20807 | Lair:4   | Reached XP level 15. HP: 119/119 MP: 28/28
 21981 | Lair:6   | Entered Level 6 of the Lair of Beasts
 22084 | Lair:6   | Found a staircase to the Slime Pits.
 22093 | Lair:6   | Received a gift from Okawaru
 22147 | Lair:6   | Found a viscous altar of Jiyva.
 22301 | Lair:6   | Reached skill level 10 in Short Blades
 22301 | Lair:6   | Reached skill level 10 in Long Blades
 22301 | Lair:6   | Reached skill level 10 in Maces & Flails
 22301 | Lair:6   | Reached skill level 10 in Polearms
 22301 | Lair:6   | Reached skill level 10 in Staves
 22301 | Lair:6   | Reached skill level 10 in Slings
 22301 | Lair:6   | Reached skill level 10 in Bows
 22301 | Lair:6   | Reached skill level 10 in Crossbows
 22301 | Lair:6   | Reached skill level 10 in Throwing
 22301 | Lair:6   | Reached skill level 10 in Dodging
 22301 | Lair:6   | Reached skill level 10 in Stealth
 22301 | Lair:6   | Reached skill level 10 in Unarmed Combat
 22301 | Lair:6   | Reached skill level 10 in Spellcasting
 22301 | Lair:6   | Reached skill level 10 in Evocations
 22707 | Lair:6   | Identified the +0 longbow "Lotour" {flame, Int+4}
 22850 | Lair:6   | Received a gift from Okawaru
 22935 | Lair:6   | Identified the +1 cloak "Dash" {Fly}
 22980 | Lair:6   | Received a gift from Okawaru
 23740 | Orc:1    | Entered Level 1 of the Orcish Mines
 24220 | Orc:1    | Found a corrupted altar of Lugonu.
 24220 | Orc:1    | Found a one-way gate to the infinite horrors of the Abyss.
 24480 | Orc:2    | Entered Level 2 of the Orcish Mines
 24511 | Orc:1    | Found a burning altar of Makhleb.
 24712 | Orc:2    | Found Keaskookk's Antique Armour Boutique.
 24716 | Orc:2    | Found a staircase to the Elven Halls.
 24730 | Orc:2    | Bought an embroidered scarf for 208 gold pieces
 25744 | Orc:2    | Found Lushoid's Magic Scroll Shop.
 25744 | Orc:2    | Found Arraq's General Store.
 25789 | Orc:2    | HP: 6/120 [soul eater/drain life (14)]
 25789 | Orc:2    | Slain by a sun demon

Illustrated notes

Levels and vault maps discovered:
D:1:      dpeg_arrival_stonehenge_12_columns, layout_rooms
D:2:      layout_loops_corners, chequers_serial_rivers_micro_b
D:3:      layout_loops_ring, lemuel_crystal_altar, nicolae_wu_jian_wuxing_cycle,
          shapermc_ecumenical_altar_mp_highgroup, serial_co_window_serial,
          co_window_of_opportunity_a, co_window_of_opportunity_a,
          co_window_corner_a, co_window_paths_a, co_window_paths_b,
          co_window_unsneaky_path_c, co_window_broadway_a, co_window_paths_c,
          uniq_natasha
D:4:      layout_gridville, minmay_temple_entry_arrows, portal_sewer_entry_e,
          uniq_pikel
D:5:      layout_gridville, kennysheep_mini_moat,
          minmay_fractal_squares_diagonal_5
D:6:      layout_basic, nicolae_ru_great_annihilating_truth,
          grunt_dithmenos_smoke_and_mirrors, nicolae_uskayaw_dance_hall
D:7:      layout_basic, nicolae_kikubaaqudgha_miasma_corner, ashenzari_altar_1,
          gammafunk_ghost_abyssal_escape, uniq_duvessa
D:8:      layout_cave_pools, lemuel_coloured_pillars_altar, kennysheep_mini,
          serial_shops, shop, hangedman_incinerator, uniq_maurice
D:9:      layout_cave_pools, fedhas_altar_3, marbit_many_paths,
          gammafunk_ghost_mausoleum
D:10:     layout_long_grid, zombieorc1_lemuel, minmay_misc_feat_x, uniq_sonja
D:11:     layout_cave_pools, david_lair_shrubbed
Temple:   compressed_dpeg_circular_temple
Lair:1:   layout_roguey, hellmonk_ghost_happy_afterlife,
          portal_ice_cave_entry_pillars_1, beast_lair_carwin_4
Lair:2:   layout_small_grid, nicolae_spider_entry_tight_spaces,
          nicolae_volcano_entry_two_sided, minmay_lair_oklob_chamber,
          serial_bayou_shore_b, grunt_megastairs_4
Lair:3:   minmay_lair_oklob_tunnel, layout_cave_pods, swamp_mist_pool,
          gauntlet_entry_generic, minmay_holes, fungi_pond_lemuel,
          chequers_serial_rivers_small_b
Lair:4:   layout_gridlike, dpeg_oklob_1
Lair:5:   layout_cave_shapes
Lair:6:   grunt_lair_end_beastmaster, layout_loops_ring, slime_altar_1,
          kennysheep_basilisk_garden, infiniplex_staircase_pool
Orc:1:    layout_caves, lemuel_statue_altar, amcnicky_altar_lugonu_corruption
Orc:2:    pf_orc_diabolical, layout_caves, serial_shops, shop,
          elves_outpost_lemuel

Skill      XL: |  1  2  3  4  5  6  7  8  9 10 11 12 13 14 15 |
---------------+----------------------------------------------+-----
Invocations    | 1 2 3 4 5 6 7 8 9 10 11 | 11.3
Short Blades   | 1 2 3 4 5 6 7 8 9 10 | 10.4
Long Blades    | 1 2 3 4 5 6 7 8 9 10 | 10.4
Maces & Flails | 1 2 3 4 5 6 7 8 9 10 | 10.4
Polearms       | 1 2 3 4 5 6 7 8 9 10 | 10.4
Staves         | 1 2 3 4 5 6 7 8 9 10 | 10.4
Slings         | 1 2 3 4 5 6 7 8 9 10 | 10.4
Bows           | 1 2 3 4 5 6 7 8 9 10 | 10.4
Crossbows      | 1 2 3 4 5 6 7 8 9 10 | 10.4
Throwing       | 1 2 3 4 5 6 7 8 9 10 | 10.4
Dodging        | 1 2 3 4 5 6 7 8 9 10 | 10.4
Stealth        | 1 2 3 4 5 6 7 8 9 10 | 10.4
Unarmed Combat | 1 2 3 4 5 6 7 8 9 10 | 10.4
Spellcasting   | 1 2 3 4 5 6 7 8 9 10 | 10.4
Evocations     | 1 2 3 4 5 6 7 8 9 10 | 10.4
Conjurations   | 1 2 3 4 5 6 7 8 |  8.8
Hexes          | 1 2 3 4 5 6 7 8 |  8.8
Summonings     | 1 2 3 4 5 6 7 8 |  8.8
Necromancy     | 1 2 3 4 5 6 7 8 |  8.8
Translocations | 1 2 3 4 5 6 7 8 |  8.8
Transmutations | 1 2 3 4 5 6 7 8 |  8.8
Fire Magic     | 1 2 3 4 5 6 7 8 |  8.8
Ice Magic      | 1 2 3 4 5 6 7 8 |  8.8
Air Magic      | 1 2 3 4 5 6 7 8 |  8.8
Earth Magic    | 1 2 3 4 5 6 7 8 |  8.8
Poison Magic   | 1 2 3 4 5 6 7 8 |  8.8
Axes           | 5 6 7 8 9 10 11 | 11.3
Fighting       | 7 8 9 10 11 12 | 12.1
Armour         | 7 8 9 10 11 12 | 12.1
Shields        | 7 8 9 10 11 12 | 12.1

Action                   |  1- 3 |  4- 6 |  7- 9 | 10-12 | 13-15 || total
-------------------------+-------+-------+-------+-------+-------++-------
Melee: War axe           |    24 |       |       |    33 |    40 ||    97
       Bite              |    10 |    17 |    41 |    99 |   230 ||   397
       Whip              |    58 |   121 |   339 |   456 |       ||   974
       Flail             |       |       |       |   434 |  1478 ||  1912
       Falchion          |       |       |       |    20 |       ||    20
 Fire: Hand crossbow     |       |       |       |    11 |     6 ||    17
Throw: Dart              |       |       |       |    12 |       ||    12
Invok: Heroism           |       |       |     1 |    12 |     7 ||    20
       Finesse           |       |       |       |     3 |     1 ||     4
Evoke: Wand              |       |       |       |     4 |     3 ||     7
  Use: Potion            |       |     1 |       |     5 |       ||     6
       Scroll            |       |       |       |    17 |    10 ||    27
 Stab: Paralysed         |       |       |       |     1 |       ||     1
       Distracted        |       |       |       |     2 |       ||     2
       Sleeping          |       |       |       |     1 |     1 ||     2
       Petrified         |       |       |       |       |     6 ||     6
Armor: Scale mail        |    19 |       |       |       |       ||    19
       Ring mail         |    12 |    43 |     1 |     6 |       ||    62
       Chain mail        |       |       |   151 |   479 |   274 ||   904
       Plate armour      |       |       |       |       |   583 ||   583
Dodge: Dodged            |    21 |    61 |    99 |   327 |   544 ||  1052
Block: Kite shield       |    54 |    72 |   157 |   687 |  1056 ||  2026

Table legend: (Time is in decaauts)
 A = Elapsed time spent in this place.
 B = Non-inter-level travel time spent in this place.
 C = Inter-level travel time spent in this place.
 D = Time resting spent in this place.
 E = Time spent auto-exploring this place.
 F = Levels seen in this place.
 G = Mean time per level.
                   A        B        C        D        E       F      G
               +--------+--------+--------+--------+--------+-----+--------+
         Total |  25873 |  25072 |    801 |   5932 |  12590 |  26 |  995.1 |
       Dungeon |  13060 |  12608 |    452 |   2309 |   7314 |  11 | 1187.3 |
        Temple |     13 |      9 |      4 |      0 |      0 |   1 |   13.0 |
          Lair |   8673 |   8351 |    322 |   1999 |   4227 |   6 | 1445.5 |
  Orcish Mines |   1919 |   1897 |     22 |    666 |    773 |   2 |  959.5 |
         Abyss |    828 |    828 |      0 |    511 |      0 |   2 |  414.0 |
         Sewer |    144 |    144 |      0 |      0 |     81 |   1 |  144.0 |
      Ice Cave |    479 |    479 |      0 |    327 |      0 |   1 |  479.0 |
       Volcano |    318 |    318 |      0 |    120 |     58 |   1 |  318.0 |
      Gauntlet |    436 |    436 |      0 |      0 |    137 |   1 |  436.0 |
               +--------+--------+--------+--------+--------+-----+--------+

Top non-repeatable levels by time:
     D:2: 2047 daAuts
  Lair:4: 1924 daAuts
    D:10: 1904 daAuts
  Lair:3: 1606 daAuts
  Lair:2: 1604 daAuts
  Lair:6: 1533 daAuts
    D:11: 1418 daAuts
   Orc:1: 1198 daAuts
  Lair:1: 1141 daAuts
     D:9: 1094 daAuts
     D:4: 1081 daAuts
     D:3: 1071 daAuts
     D:6: 1009 daAuts
     D:7: 970 daAuts
     D:8: 957 daAuts
